 Dungeon Crawl Stone Soup version 0.31-a0-960-g0fca184906 (webtiles) character file.

Game seed: 6568126182598700375

69 Azuregosa the Magician (level 4, -3/32 HPs)
             Began as a Djinni Earth Elementalist on Oct 23, 2023.
             Was a Follower of Qazlal.
             Killed by nerve-wracking pain
             ... invoked by an orc priest
              (10 damage)
             ... on level 3 of the Dungeon.
             The game lasted 00:07:14 (1685 turns).

Azuregosa the Magician (Djinni Earth Elementalist)  Turns: 1685, Time: 00:07:15

Health: -3/32      AC:  2    Str: 13    XL:     4   Next: 42%
Gold:   159        EV: 13    Int: 19    God:    Qazlal [*.....] SH:  2 Dex: 13

rFire   + + +        m - +0 long sword
rCold   x . .        (no shield)
rNeg    . . .        a - +0 robe
rPois   ∞            (no helmet)
rElec   .            (no cloak)
rCorr   .            (no gloves)
SInv    .            (boots unavailable)
Will    .....        (no amulet)
Stlth   ++           p - ring "Pyfoirphu" {rF+ Str+6}
HPRegen 0.25/turn    (no ring)
MPRegen 0.00/turn

%: infuse magic (-4 HP)
@: flying
A: sickness immunity, fire resistance 2, cold vulnerability 1, float, innate
caster, HP casting, extra vitality 1
a: Renounce Religion


You were on level 3 of the Dungeon.
You worshipped Qazlal.
Qazlal was aware of your devotion.
You visited 1 branch of the dungeon, and saw 3 of its levels.

You collected 159 gold pieces.

Inventory:

Hand Weapons
 d - a +0 short sword
 m - a +0 long sword (weapon)
 o - a +3 dagger
Missiles
 h - 6 poisoned darts
 n - 17 stones
Armour
 a - a +0 robe (worn)
 b - a +0 leather armour
Jewellery
 p - the ring "Pyfoirphu" (left hand) {rF+ Str+6}
   (You found it on level 3 of the Dungeon)

   [ring of protection from fire]

   Str+6:     It affects your strength (+6).
   rF+:       It protects you from fire.
Wands
 q - a wand of flame (6)
Scrolls
 c - a scroll of fog {unknown}
 f - a scroll of teleportation {unknown}
 g - 4 scrolls of identify {unknown}
 i - 2 scrolls of enchant weapon {unknown}
 j - a scroll of amnesia {unknown}
 k - 2 scrolls of immolation {unknown}
Potions
 e - a potion of berserk rage {unknown}
 l - a potion of resistance {unknown}


   Skills:
 + Level 1.1 Fighting
 + Level 3.1 Dodging
 + Level 2.4 Stealth
 + Level 3.3 Spellcasting
 + Level 3.3 Conjurations
 + Level 3.3 Hexes
 + Level 3.3 Summonings
 + Level 3.3 Necromancy
 + Level 3.3 Translocations
 + Level 3.3 Transmutations
 + Level 3.3 Fire Magic
 + Level 3.3 Ice Magic
 + Level 3.3 Air Magic
 + Level 3.3 Earth Magic
 + Level 3.3 Poison Magic


You knew the following spells:

 Your Spells              Type           Power      Damage    Failure   Level
a - Sandblast             Erth           30%        2d9       3%          1
b - Passwall              Tmut/Erth      12%        N/A       6%          2
c - Stone Arrow           Conj/Erth      30%        3d8       12%         3
d - Petrify               Tmut/Erth      15%        N/A       36%         4
e - Brom's Barrelling Bo  Conj/Erth      15%        2d4       36%         4
f - Necrotise             Necr           60%        1d7       3%          1
Your spell library was empty.

Dungeon Overview and Level Annotations

Branches:
Dungeon (3/15)

Altars:
Qazlal


Innate Abilities, Weirdness & Mutations

You are immune to sickness and miasma.
You are immune to poison.
Your flesh is very heat resistant. (rF++)
You are vulnerable to cold. (rC-)
You float through the air rather than walking.
You learn spells naturally, not from books.
Your magical power is your life essence.
You have superior vitality. (+4 MHP)


Message History

Press: ? - help, Shift-Dir - straight line The orc hits you from afar with a +0 trident.
Casting: Stone Arrow (quite dangerous; 12% risk of failure)
Confirm with . or Enter, or press ? or * to list all spells.
Aiming: Sandblast (safe; 3% risk of failure)
Press: ? - help, Shift-Dir - straight line, f - orc
Aim: an orc, wielding a +0 trident (82% to hit)
The blast of sand hits the orc.
The orc is severely wounded.
An orc wizard comes into view. It is wielding a +0 dagger.
The orc barely misses you. x2
An orc wizard comes into view. It is wielding a +0 dagger.
The orc wizard casts a spell.
The orc wizard flickers and vanishes!
Deactivating autopickup; reactivate with Ctrl-A.
The orc hits you from afar with a +0 trident.
The orc priest mumbles some strange prayers to Beogh against you.
Beogh smites you!
You hear a shout!
The orc attacks as it pursues you! The orc hits you with a +0 dagger.
You hit the orc.
The orc is almost dead.
You closely miss the orc.
The orc is almost dead.
The orc closely misses you.
The orc priest hits you with a +0 dagger.
The orc misses you.
Casting: Sandblast (safe; 3% risk of failure)
Confirm with . or Enter, or press ? or * to list all spells.
Aiming: Stone Arrow (quite dangerous; 12% risk of failure)
Press: ? - help, Shift-Dir - straight line, p - orc The stone arrow hits the orc priest.
The orc priest is heavily wounded.
* * * LOW HITPOINT WARNING * * *
The orc priest barely misses you. The orc barely misses you.
The orc hits you with a +0 dagger.
* * * LOW HITPOINT WARNING * * *
The orc priest mumbles some strange prayers to Beogh against you.
Pain shoots through your body!
You die...

#......#.#
#........# ......
#...#..#.# ......
#......### #....#
#......#.. ....o#
#......#.###..{..
##...[.#.#.#...
#....##.#.#o##.#
#.#...#@#.o....#
#.#####.#.#.#..#
#...#..ooo#...
...
###.#.#.####### .
#.#.#.# #.#.#.#
#...#.# #####.#
#..


You could see an orc priest and an orc.

Vanquished Creatures
  2 adders
  4 dart slugs
  An orc (D:3)
  2 endoplasms (D:1)
  5 goblins
  2 hobgoblins
  3 jackals (D:3)
  5 kobolds
  5 quokkas
  4 ball pythons
  2 bats (D:1)
  A frilled lizard (D:1)
  A rat (D:2)
37 creatures vanquished.

Notes
Turn   | Place    | Note
-------+----------+-------------------------------------------
     0 | D:1      | Azuregosa the Djinni Earth Elementalist began the quest for
                  | the Orb.
     0 | D:1      | Azuregosa set off with the following spells memorised:
                  | Sandblast, Passwall, Stone Arrow, Petrify, Brom's
                  | Barrelling Boulder.
     0 | D:1      | Reached XP level 1. HP: 15/15 MP: 0/0
    70 | D:1      | Reached XP level 2. HP: 20/21 MP: 0/0
   439 | D:1      | Reached XP level 3. HP: 25/25 MP: 0/0
   439 | D:1      | Learned a level 1 spell: Necrotise
  1379 | D:2      | Found a faded altar of an unknown god.
  1382 | D:2      | Reached XP level 4. HP: 29/31 MP: 0/0
  1391 | D:2      | Prayed at the altar of an unknown god.
  1391 | D:2      | Became a worshipper of Qazlal Stormbringer
  1391 | D:2      | Reached * piety under Qazlal
  1624 | D:3      | Reached skill level 1 in Fighting
  1647 | D:3      | Identified the ring "Pyfoirphu" {rF+ Str+6}
  1685 | D:3      | Killed from afar by an orc priest

Illustrated notes

Levels and vault maps discovered:
D:1:      erik_arrival_cave_to_civilisation [erik_arrival_cave_to_hall],
          layout_basic, lemuel_flame_loot_1
D:2:      layout_basic, hellmonk_ecumenical_altar_prayer_group
D:3:      layout_basic, st_stairs_2

Skill      XL: |  1  2  3  4 |
---------------+-------------+-----
Spellcasting   | |  3.3
Conjurations   | |  3.3
Hexes          | |  3.3
Summonings     | |  3.3
Necromancy     | |  3.3
Translocations | |  3.3
Transmutations | |  3.3
Fire Magic     | |  3.3
Ice Magic      | |  3.3
Air Magic      | |  3.3
Earth Magic    | |  3.3
Poison Magic   | |  3.3
Stealth        | 2 |  2.4
Dodging        | 3 |  3.1
Fighting       | 1 |  1.1

Action                     |  1- 3 |  4- 6 || total
---------------------------+-------+-------++-------
  Melee: Short sword       |     9 |       ||     9
         Long sword        |     1 |     9 ||    10
   Cast: Sandblast         |    36 |    14 ||    50
         Stone Arrow       |       |     2 ||     2
 Armour: Robe              |     7 |    12 ||    19
  Dodge: Dodged            |    12 |    17 ||    29
  Block: Other             |       |     1 ||     1

Table legend: (Time is in decaauts)
 A = Elapsed time spent in this place.
 B = Non-inter-level travel time spent in this place.
 C = Inter-level travel time spent in this place.
 D = Time resting spent in this place.
 E = Time spent auto-exploring this place.
 F = Levels seen in this place.
 G = Mean time per level.
                   A        B        C        D        E       F      G
               +--------+--------+--------+--------+--------+-----+--------+
         Total |   1714 |   1676 |     38 |      0 |   1246 |   3 |  571.3 |
       Dungeon |   1714 |   1676 |     38 |      0 |   1246 |   3 |  571.3 |
               +--------+--------+--------+--------+--------+-----+--------+

Top non-repeatable levels by time:
     D:2: 793 daAuts
     D:1: 663 daAuts
     D:3: 257 daAuts
